 Dungeon Crawl Stone Soup version 0.31-a0-968-g24f9ace8b5 (webtiles) character file.

Game seed: 16497353480911018128

620 promet the Trooper (level 7, 0/64 HPs)
             Began as a Hill Orc Fighter on Oct 27, 2023.
             Slain by a steam dragon (5 damage)
             ... on level 5 of the Dungeon.
             The game lasted 00:19:41 (6344 turns).

promet the Trooper (Hill Orc Fighter)               Turns: 6344, Time: 00:19:41

Health: 0/64       AC:  8    Str: 21    XL:     7   Next: 46%
Magic:  7/7        EV:  9    Int:  8    God:
Gold:   173        SH:  4    Dex: 10    Spells: 6/6 levels left

rFire   . . .        a - +0 war axe
rCold   . . .        m - +0 buckler
rNeg    . . .        l - +0 scale mail
rPois   .            k - +0 helmet
rElec   .            (no cloak)
rCorr   .            (no gloves)
SInv    .            (no boots)
Will    .....        (no amulet) Stlth
                     (no ring)
HPRegen 0.30/turn    (no ring)
MPRegen 0.10/turn

%: no passive effects
@: no status effects
A: no striking features
a: no special abilities


You were on level 5 of the Dungeon.
You visited 1 branch of the dungeon, and saw 5 of its levels.

You collected 173 gold pieces.

Inventory:

Hand Weapons
 a - a +0 war axe (weapon)
 b - a +1 antimagic sling
 c - a +0 dagger of venom
 j - a +1 short sword of draining
 q - a +2 flail of holy wrath
Missiles
 e - 17 poisoned darts
Armour
 k - a +0 helmet (worn)
 l - a +0 scale mail (worn)
 m - a +0 buckler (worn)
Jewellery
 f - a ring of protection from cold
 n - an amulet of magic regeneration
Scrolls
 d - a scroll of revelation {unknown}
 h - a scroll of teleportation
 s - a scroll of poison {unknown}
Potions
 g - 2 potions of curing
 i - a potion of brilliance {unknown}
 o - a potion of lignification {unknown}
 p - a potion of mutation {unknown}
 r - a potion of heal wounds {unknown}


   Skills:
 * Level 6.5 Fighting
 + Level 5.9 Axes
 + Level 2.5 Ranged Weapons
 + Level 4.6 Armour
 + Level 0.7 Dodging
 + Level 0.1 Stealth
 + Level 3.7 Shields


You had 6 spell levels left.
You didn't know any spells.
Your spell library contained the following spells:

 Spells                   Type           Power      Damage    Failure   Level
 Shock                    Conj/Air       0%         1d3       80%         1
 Swiftness                Air            0%         N/A       99%         3
 Airstrike                Air            0%         2d(0-16)  100%        4


Dungeon Overview and Level Annotations

Branches:
Dungeon (5/15)
 Temple: D:4-7

Altars:
Okawaru
Xom


Message History

You kill the orc!
Found a sedimented white potion.
Found 13 gold pieces.
A steam dragon comes into view.
The steam dragon breathes steam at you. The ball of steam hits you!!
You barely miss the steam dragon.
You are engulfed in a cloud of scalding steam.
You block the steam dragon's attack. The steam dragon claws you.
You barely miss the steam dragon.
You are engulfed in a cloud of scalding steam.
* * * LOW HITPOINT WARNING * * *
The steam dragon bites you.
* * * LOW HITPOINT WARNING * * *
You block the steam dragon's attack.
You aren't wearing any rings or amulets.
Unknown command.
Okay, then.
You block the steam dragon's attack. The steam dragon barely misses you.
You barely miss the steam dragon. The steam dragon breathes steam at you.
The ball of steam misses you. You block the steam dragon's attack.
The steam dragon misses you.
You barely miss the steam dragon. You block the steam dragon's attack.
The steam dragon barely misses you. The steam dragon bites you.
* * * LOW HITPOINT WARNING * * *
The steam dragon closely misses you.
The steam dragon bites you but does no damage.
You block the steam dragon's attack.
You hit the steam dragon.
The steam dragon is lightly wounded.
The steam dragon bites you.
* * * LOW HITPOINT WARNING * * *
The steam dragon closely misses you.
It was a potion of curing.
You feel better. The steam dragon breathes steam at you.
The ball of steam hits you!
* * * LOW HITPOINT WARNING * * *
You block the steam dragon's attack. The steam dragon claws you.
You die...

....#.#.. #........
#!..#...# #.....#.#
+.....#.# #####
#§§.....# #....
+§§..#..# # ##.#.
#§§@....#.### #.#.
#.$D##.##.#.. #.#.
#...##....#.#####.#.
######..###.#.#...#.
#....#.#.#.#.#.
##.#.#.#...#.#.
#.#...#...###.
#.#...##....#.
#.#.#.##.)#.#.


You could see a steam dragon (catching breath).

Vanquished Creatures
  Edmund (D:4)
  An ogre (D:4)
  A phantom (D:3)
  2 scorpions (D:4)
  A jelly (D:4)
  An iguana (D:4)
  Robin (D:2)
  4 adders
  4 gnolls (D:2)
  A dart slug (D:2)
  An orc (D:5)
  2 ball pythons (D:1)
  6 endoplasms
  4 giant cockroaches
  13 goblins
  10 hobgoblins
  6 jackals
  10 kobolds
  3 quokkas
  3 bats
  4 frilled lizards
  5 rats
84 creatures vanquished.

Notes
Turn   | Place    | Note
-------+----------+-------------------------------------------
     0 | D:1      | promet the Hill Orc Fighter began the quest for the Orb.
     0 | D:1      | Reached XP level 1. HP: 19/19 MP: 1/1
   120 | D:1      | Reached XP level 2. HP: 20/27 MP: 2/2
   172 | D:1      | Reached skill level 4 in Fighting
   968 | D:2      | Reached XP level 3. HP: 34/34 MP: 3/3
  1361 | D:2      | Reached XP level 4. HP: 21/33 MP: 4/4
  2181 | D:2      | Reached skill level 5 in Fighting
  2184 | D:2      | Noticed Robin
  2196 | D:2      | Killed Robin
  2392 | D:2      | Found an iron altar of Okawaru.
  2855 | D:2      | Reached XP level 5. HP: 31/45 MP: 5/5
  3153 | D:3      | Noticed a phantom
  3182 | D:3      | Killed a phantom
  3183 | D:3      | Reached skill level 1 in Ranged Weapons
  4033 | D:3      | Reached XP level 6. HP: 51/56 MP: 6/6
  4500 | D:4      | Noticed Edmund
  4636 | D:4      | Reached skill level 6 in Fighting
  4636 | D:4      | Reached skill level 5 in Axes
  4728 | D:4      | Killed Edmund
  4729 | D:4      | Reached XP level 7. HP: 57/63 MP: 2/7
  5669 | D:4      | Found a shimmering altar of Xom.
  6251 | D:5      | Entered Level 5 of the Dungeon
  6333 | D:5      | Noticed a steam dragon
  6344 | D:5      | Slain by a steam dragon

Illustrated notes

Levels and vault maps discovered:
D:1:      amcnicky_arrival_underground_garden, layout_basic, minivault_14
D:2:      layout_loops_ring, basic_altar, uniq_robin
D:3:      layout_basic
D:4:      layout_layer_cave, lemuel_coloured_pillars_altar, uniq_edmund
D:5:      layout_basic

Skill      XL: |  1  2  3  4  5  6  7 |
---------------+----------------------+-----
Axes           | 3 4 5 |  5.9
Fighting       | 4 5 6 |  6.5
Ranged Weapons | 1 2 |  2.5
Armour         | 4 |  4.6
Dodging        | |  0.7
Stealth        | |  0.1
Shields        | |  3.7

Action                     |  1- 3 |  4- 6 |  7- 9 || total
---------------------------+-------+-------+-------++-------
  Melee: War axe           |    96 |   117 |    31 ||   244
   Fire: Sling             |       |    37 |    16 ||    53
    Use: Scroll            |     1 |     3 |       ||     4
         Potion            |       |     1 |     2 ||     3
 Armour: Scale mail        |    63 |   116 |    25 ||   204
  Dodge: Dodged            |    39 |    56 |    17 ||   112
  Block: Buckler           |    13 |    36 |    11 ||    60

Table legend: (Time is in decaauts)
 A = Elapsed time spent in this place.
 B = Non-inter-level travel time spent in this place.
 C = Inter-level travel time spent in this place.
 D = Time resting spent in this place.
 E = Time spent auto-exploring this place.
 F = Levels seen in this place.
 G = Mean time per level.
                   A        B        C        D        E       F      G
               +--------+--------+--------+--------+--------+-----+--------+
         Total |   6439 |   6343 |     96 |   2435 |   2101 |   5 | 1287.8 |
       Dungeon |   6439 |   6343 |     96 |   2435 |   2101 |   5 | 1287.8 |
               +--------+--------+--------+--------+--------+-----+--------+

Top non-repeatable levels by time:
     D:2: 2044 daAuts
     D:4: 1836 daAuts
     D:3: 1401 daAuts
     D:1: 1062 daAuts
     D:5: 96 daAuts
